Description

Created by: yocheco619

Build Order

Get SALT Encoding   

  13  0:13  Overlord  Move near the oponent 1st base
  17  0:53  Hatchery  
  17  1:01  Extractor  3 Drones in extractor
  17  1:12  Spawning Pool  
  19  1:39  Overlord  Move near the oponent 1st base
  19  2:00  Queen x2  
  21  2:02  Metabolic Boost  
  21  2:04  Zergling x2  
  28  2:24  Baneling Nest  
  30  2:53  Overlord  Move near the oponent 1st base
  31  2:59  Pneumatized Carapace  
  39  3:16  Overlord  Move near the oponent 1st base
  39  3:17  Evolution Chamber  
  38  3:26  Overlord  
  38  3:33  Zergling x4  
  42  3:40  Zergling x4  
  38  3:27  Ventral Sacs x4  
  45  3:45  Baneling x4  
Spawning Tool Build Advisor. Get it on Overwolf

Go to:

Details

  • Created by: ewbenini
  • Published on: Apr 10, 2017
  • Modified on: Apr 10, 2017
  • Patch: 3.8.0
Show
View Real Time Build Order
Export as new Build Order

Comments (0)

There are no comments. Be the first!

Create an account to comment!